 Dungeon Crawl Stone Soup version 0.20-a0-1015-g2ec8a95 (webtiles) character file.

394 McCoppin the Basher (level 6, -2/51 HPs)
             Began as a Gnoll Warper on Apr 15, 2017.
             Was an Initiate of Cheibriados.
             Slain by a centaur (9 damage)
             ... on level 5 of the Dungeon.
             The game lasted 00:21:51 (5326 turns).

McCoppin the Basher (Gnoll Warper)                  Turns: 5326, Time: 00:21:52

Health: -2/51      AC:  3    Str: 18    XL:     6   Next: 81%
Magic:  6/12       EV: 13    Int: 22    God:    Cheibriados [......]
Gold:   17         SH:  0    Dex: 14    Spells: 2/13 levels left

rFire    . . .     SeeInvis .   a - +0 mace
rCold    . . .     Gourm    .   (no shield)
rNeg     . . .     Faith    .   y - +0 robe of Zuakho {Str+6 Int+4} (curse)
rPois    +         Spirit   .   r - +0 helmet
rElec    .         Reflect  .   (no cloak)
rCorr    .         Harm     .   (no gloves)
MR       .....                  (no boots)
Stlth    +.........             (no amulet)
Regen    0.2/turn               g - +2 ring of intelligence
MPRegen  0.2/turn               n - ring of poison resistance

@: very slow
A: short attention span, fangs 1, strong nose
a: Bend Time, Renounce Religion


You were on level 5 of the Dungeon.
You worshipped Cheibriados.
Cheibriados was noncommittal.
You were not hungry.

You visited 2 branches of the dungeon, and saw 6 of its levels.

You collected 140 gold pieces.
You spent 123 gold pieces at shops.

Inventory:

Hand Weapons
 a - a +0 mace (weapon)
 B - the +9 dagger "Siustrorch" {pain, *Rage rC+ Int+2 Dex+6}
   (You found it on level 5 of the Dungeon)

   In the hands of one skilled in necromantic magic, it inflicts extra damage on
   living creatures.
   It affects your intelligence (+2).
   It affects your dexterity (+6).
   It protects you from cold.
   It may make you go berserk in combat.
Missiles
 e - 5 tomahawks of dispersal (quivered)
 s - 7 tomahawks
Armour
 b - a +0 leather armour
 r - a +0 helmet (worn)
 y - the cursed +0 robe of Zuakho (worn) {Str+6 Int+4}
   (You found it on level 4 of the Dungeon)

   It affects your strength (+6).
   It affects your intelligence (+4).
   It has a curse placed upon it.
Jewellery
 g - a +2 ring of intelligence (left hand)
 h - a +6 ring of evasion {unknown}
 k - a cursed +3 ring of intelligence
 n - a ring of poison resistance (right hand)
Scrolls
 d - 2 scrolls of blinking
 m - a scroll of recharging {unknown}
 o - 3 scrolls of remove curse
 q - 2 scrolls of fear
 t - 3 scrolls of teleportation
 x - a scroll of magic mapping
Potions
 l - 2 potions of flight
 p - 2 potions of brilliance
 v - a potion of resistance
 A - a potion of haste {unknown}
Books
 c - a book of Spatial Translocations

   Spells                             Type                      Level
   a - Blink                          Translocation                2
   b - Shroud of Golubria             Charms/Translocation         2
   c - Lesser Beckoning               Translocation                3
   d - Gell's Gravitas                Translocation                3
   e - Teleport Other                 Translocation                3
   f - Passage of Golubria            Translocation                4
 u - a book of Flames

   Spells                             Type                      Level
   a - Flame Tongue                   Conjuration/Fire             1
   b - Throw Flame                    Conjuration/Fire             2
   c - Conjure Flame                  Conjuration/Fire             3
   d - Inner Flame                    Hexes/Fire                   3
   e - Sticky Flame                   Conjuration/Fire             4
   f - Fireball                       Conjuration/Fire             5
Comestibles
 f - a bread ration
 j - 3 royal jellies


   Skills:
 - Level 5.1 Fighting
 + Level 8.2 Maces & Flails
 - Level 1.5 Throwing
 - Level 1.5 Armour
 - Level 3.0 Dodging
 - Level 4.3 Spellcasting
 - Level 4.4 Translocations


You had 2 spell levels left.
You knew the following spells:

 Your Spells              Type           Power        Failure   Level  Hunger
a - Blink                 Tloc           N/A          2%          2    #......
b - Shroud of Golubria    Chrm/Tloc      ##........   10%         2    #......
c - Gell's Gravitas       Tloc           ###.......   6%          3    ##.....
d - Passage of Golubria   Tloc           N/A          17%         4    ####...


Dungeon Overview and Level Annotations

Branches:
Dungeon (5/15)             Temple (1/1) D:5

Altars:
Ashenzari
Cheibriados
Dithmenos
Elyvilon
Fedhas
Gozag
Hepliaklqana
Makhleb
Nemelex Xobeh
Okawaru
Qazlal
Ru
Sif Muna
Trog
Uskayaw
Vehumet
Wu Jian
Yredelemnul
The Shining One
Lugonu

Shops:
D:4 (?


Innate Abilities, Weirdness & Mutations

You have a short attention span.
You have very sharp teeth.
Your uncanny sense of smell can sniff out nearby items.


Message History

The centaur hits you. The centaur barely misses you.
You hit the centaur.
The centaur is severely wounded.
The centaur hits you.
* * * LOW HITPOINT WARNING * * *
Your shroud falls apart!
You closely miss the centaur. You bite the centaur, but do no damage.
The centaur is severely wounded.
The centaur hits you!
* * * LOW HITPOINT WARNING * * *
The centaur barely misses you.
You hit the centaur.
The centaur is almost dead.
The centaur hits you but does no damage.
You barely miss the centaur.
The centaur is almost dead.
The centaur hits you.
* * * LOW HITPOINT WARNING * * *
The centaur hits you!
You die...

#...# #.##.#..#.....
#...# #.##.#..####.#
#...# #...)....... ####
#...########.#.##### ....
...........#?..#####.....
............#(.##........
............../...##.....
#...######..#..#c.##.....
#...# #..#<..@....# #
.....# #..#.##..####
#...## #..#.##..# #...#
#..#.##.... #...#
#........... #... ....#.#
#.##. .##.#.# .. .# #


You could see a centaur.

Vanquished Creatures
  The ghost of Gorglomux the Skirmisher, an amateur HuWn (D:3)
  A scorpion (D:4)
  A centaur skeleton (D:4)
  4 worker ants
  Robin (D:3)
  5 adders
  3 worms (D:2)
  A dart slug (D:2)
  A leopard gecko (D:1)
  An orc (D:4)
  3 giant cockroaches (D:1)
  9 hobgoblins
  7 jackals
  2 kobolds (D:3)
  3 quokkas
  7 bats
  3 frilled lizards
  11 goblins
  A quokka skeleton (D:4)
  14 rats
79 creatures vanquished.

Notes
Turn   | Place    | Note
-------+----------+-------------------------------------------
     0 | D:1      | McCoppin the Gnoll Warper began the quest for the Orb.
     0 | D:1      | Reached XP level 1. HP: 18/18 MP: 4/4
   244 | D:1      | Reached XP level 2. HP: 25/25 MP: 6/6
   388 | D:1      | Learned a level 2 spell: Blink
   391 | D:1      | Learned a level 2 spell: Shroud of Golubria
  1079 | D:2      | Reached XP level 3. HP: 30/30 MP: 8/8
  1161 | D:2      | Learned a level 3 spell: Gell's Gravitas
  1523 | D:2      | Reached skill level 4 in Maces & Flails
  1586 | D:2      | Found a shadowy altar of Dithmenos.
  1641 | D:2      | Reached XP level 4. HP: 35/38 MP: 10/10
  1645 | D:2      | Found a white marble altar of Elyvilon.
  1645 | D:2      | Found a hide-covered altar of Uskayaw.
  1651 | D:2      | Found an opulent altar of Gozag.
  1653 | D:2      | Found a hazy altar of Hepliaklqana.
  1655 | D:2      | Found an iron altar of Okawaru.
  1763 | D:3      | Noticed Robin
  1775 | D:3      | Killed Robin
  2203 | D:3      | Reached skill level 5 in Fighting
  2446 | D:3      | Found a bloodstained altar of Trog.
  2546 | D:3      | Reached skill level 5 in Maces & Flails
  2598 | D:3      | Reached XP level 5. HP: 44/44 MP: 11/11
  2667 | D:3      | Noticed Gorglomux's ghost (amateur HuWn)
  3041 | D:4      | Noticed an ogre
  3323 | D:4      | Noticed an ogre
  3412 | D:4      | Reached skill level 6 in Maces & Flails
  3487 | D:4      | Found Kian's Antique Weapon Shop.
  3647 | D:4      | Reached skill level 7 in Maces & Flails
  3647 | D:4      | Reached XP level 6. HP: 39/51 MP: 12/12
  3663 | D:4      | Found a shattered altar of Ashenzari.
  3668 | D:4      | Got a faintly glowing robe
  3673 | D:4      | Identified the cursed +0 robe of Zuakho {Str+6 Int+4} (You found it on level 4 of the Dungeon)
  4111 | D:3      | Killed Gorglomux's ghost
  4401 | D:4      | Found Bushred's Magic Scroll Boutique.
  4407 | D:4      | Bought a scroll of magic mapping for 45 gold pieces
  4407 | D:4      | Bought a scroll of identify for 26 gold pieces
  4407 | D:4      | Bought a scroll of remove curse for 39 gold pieces
  4407 | D:4      | Bought a scroll of noise for 13 gold pieces
  4805 | D:5      | Entered Level 5 of the Dungeon
  4811 | D:5      | Learned a level 4 spell: Passage of Golubria
  4829 | D:5      | Reached skill level 8 in Maces & Flails
  4881 | D:5      | Found a staircase to the Ecumenical Temple.
  4890 | Temple   | Entered the Ecumenical Temple
  5015 | Temple   | Became a worshipper of Cheibriados the Contemplative
  5235 | D:5      | Got a warped dagger
  5236 | D:5      | Identified the +9 dagger "Siustrorch" {pain, *Rage rC+ Int+2 Dex+6} (You found it on level 5 of the Dungeon)
  5326 | D:5      | Slain by a centaur

Vault maps used:
D:1:      minmay_arrival_jagged, minmay_strange_pillars, minmay_crystal_water
D:2:      nicolae_dithmenos_shadow_blocks, chequers_temple_overflow_minitemple
D:3:      bloody_trog, first_bread, uniq_robin
D:4:      old_standard_altar, serial_shops, shop, shop_statue, minivault_26
D:5:      kiku_gazebo_garden_becter, temple_green
Temple:   kb_corrupted_temple

Skill      XL: |  1  2  3  4  5  6 |
---------------+-------------------+-----
Fighting       | 4 5 |  5.1
Maces & Flails | 4 5 7 8 |  8.2
Spellcasting   | 4 |  4.3
Throwing       | |  1.5
Armour         | |  1.5
Dodging        | |  3.0
Translocations | |  4.4

Action                   |  1- 3 |  4- 6 || total
-------------------------+-------+-------++-------
Melee: Mace              |   120 |   202 ||   322
       Bite              |    13 |    14 ||    27
 Cast: Gell's Gravitas   |     2 |     7 ||     9
       Shroud of Golubri |       |     2 ||     2
       Blink             |       |     4 ||     4
       Passage of Golubr |       |     1 ||     1
  Use: Potion            |       |     5 ||     5
       Scroll            |       |     5 ||     5
 Stab: Sleeping          |       |     1 ||     1
  Eat: Chunk             |     3 |     8 ||    11
       Bread ration      |       |     1 ||     1
Armor: Leather armour    |    42 |    49 ||    91
       Robe              |       |     7 ||     7
Dodge: Dodged            |   102 |   142 ||   244
